 Dungeon Crawl Stone Soup version 0.27.1-35-g4d5d836560 (console) character file.

Game seed: 6929608802301194620

82837 grimtooth the Impaler (level 15, -19/120 HPs)
             Began as a Merfolk Gladiator on Oct 1, 2022.
             Was a High Priest of Uskayaw.
             Killed from afar by a bog body (37 damage)
             ... with a bolt of cold
             ... on level 2 of the Swamp on Oct 2, 2022.
             The game lasted 03:06:11 (27178 turns).

grimtooth the Impaler (Merfolk Gladiator)          Turns: 27178, Time: 03:06:11

Health: -19/120    AC:  5    Str: 18      XL:     15   Next: 75%
Magic:  22/24      EV: 20    Int:  6 (8)  God:    Uskayaw [*****.]
Gold:   1331       SH:  0    Dex: 17      Spells: 14/14 levels left

rFire    + . .     SeeInvis .   a - +1 halberd (freeze)
rCold    . . .     Faith    .   (shield currently unavailable)
rNeg     + . .     Spirit   .   L - +0 troll leather armour
rPois    +         Reflect  .   n - +2 helmet
rElec    .         Harm     .   y - +2 ratskin cloak {*Rats rPois rN+ Str-1 Int-1 Dex+1}
rCorr    .         Rampage  .   o - +0 pair of gloves
Will     +....                  W - +0 pair of boots
Stlth    +++++.....             j - amulet of regeneration
HPRegen  2.30/turn              Y - ring of protection from fire
MPRegen  0.19/turn              f - +4 ring of slaying

@: corroded, hasted, studying Evocations, very quick
A: (nimble swimmer 2), mertail, deterioration 1
a: Renounce Religion, Stomp, Line Pass, Grand Finale


You were on level 2 of the Swamp.
You worshipped Uskayaw.
Uskayaw was pleased with you.
You visited 4 branches of the dungeon, and saw 21 of its levels.
You also visited: Ossuary and Volcano.

You collected 2158 gold pieces.
You spent 827 gold pieces at shops.

Inventory:

Hand Weapons
 a - a +1 halberd of freezing (weapon)
 b - a +1 vorpal hunting sling
 e - a +2 glaive of flaming
 k - the +6 glaive of Arbitration {speed, Str+3}
   (You bought it in a shop on level 2 of the Dungeon)

   Attacks with this weapon are significantly faster.
   Str:       It affects your strength (+3).
Missiles
 d - 2 throwing nets {=f}
 m - 49 boomerangs
 p - 58 poisoned darts (quivered)
 q - 7 curare-tipped darts
 w - 68 sling bullets
 E - 104 stones
Armour
 n - a +2 helmet (worn)
 o - a +0 pair of gloves (worn)
 y - the +2 ratskin cloak (worn) {*Rats rPois rN+ Str-1 Int-1 Dex+1}
   (You found it on level 5 of the Dungeon)

   When the wearer is hurt, rats may emerge from it to assist them.
   Str:       It affects your strength (-1).
   Int:       It affects your intelligence (-1).
   Dex:       It affects your dexterity (+1).
   rPois:     It protects you from poison.
   rN:        It protects you from negative energy.
 L - a +0 troll leather armour (worn)
 W - a +0 pair of boots (worn)
 Z - the +0 mask of the Dragon {Will+ Slay+3 SInv}
   (You found it on level 6 of the Lair of Beasts)

   Slay:      It affects your accuracy & damage with ranged weapons and melee
   (+3).
   SInv:      It lets you see invisible.
   Will:      It increases your willpower.
Jewellery
 f - a +4 ring of slaying (right hand)
 i - a +6 ring of intelligence
 j - an amulet of regeneration (around neck)
 I - a ring of positive energy
 Y - a ring of protection from fire (left hand)
Wands
 g - a wand of charming (10)
 x - a wand of flame (12)
 B - a wand of paralysis (10)
 K - a wand of iceblast (9)
 P - a wand of polymorph (7)
Scrolls
 s - a scroll of fog
 F - 3 scrolls of blinking {unknown}
 G - 4 scrolls of teleportation
 N - 2 scrolls of vulnerability
 Q - a scroll of magic mapping
 R - a scroll of summoning
 S - 2 scrolls of fear {unknown}
 V - a scroll of holy word {unknown}
Potions
 c - 4 potions of curing
 h - 3 potions of flight
 r - 3 potions of haste
 t - 8 potions of brilliance
 u - a potion of ambrosia
 v - a potion of resistance
 C - 2 potions of lignification
 H - a potion of cancellation


   Skills:
 - Level 12.0 Fighting
 * Level 16.1 Polearms
 - Level 9.0 Throwing
 - Level 5.0 Armour
 + Level 13.6 Dodging
 - Level 12.0 Stealth
 - Level 12.0 Invocations
 - Level 9.0 Evocations


You had 14 spell levels left.
You didn't know any spells.
Your spell library contained the following spells:

 Spells                   Type           Power      Damage    Failure   Level
 Freeze                   Ice            0%         1d3       52%         1
 Corpse Rot               Necr/Air       N/A        N/A       65%         2
 Passwall                 Tmut/Erth      0%         N/A       65%         2
 Poisonous Vapours        Pois/Air       0%         N/A       65%         2
 Sublimation of Blood     Necr           0%         N/A       65%         2
 Frozen Ramparts          Ice            0%         1d2       87%         3
 Portal Projectile        Hex/Tloc       0%         N/A       87%         3
 Swiftness                Air            0%         N/A       87%         3
 Dispel Undead            Necr           0%         3d6       99%         4
 Fulminant Prism          Conj/Hex       0%         3d6       99%         4
 Hailstorm                Conj/Ice       0%         3d3       99%         4
 Ice Form                 Ice/Tmut       0%         N/A       99%         4
 Iskenderun's Mystic Bla  Conj/Tloc      0%         2d3       99%         4
 Petrify                  Tmut/Erth      0%         N/A       99%         4
 Summon Ice Beast         Ice/Summ       0%         N/A       99%         4
 Blade Hands              Tmut           0%         N/A       100%        5
 Excruciating Wounds      Necr           0%         N/A       100%        5
 Freezing Cloud           Conj/Ice/Air   0%         6-21      100%        5
 Irradiate                Conj/Tmut      0%         3d13      100%        5
 Lee's Rapid Deconstruct  Erth           0%         3d5*      100%        5
 Death Channel            Necr           0%         N/A       100%        6
 Invisibility             Hex            0%         N/A       100%        6


Dungeon Overview and Level Annotations

Branches:
Dungeon (11/15)            Temple (0/1) D:7            Lair (6/6) D:9
  Swamp (2/4) Lair:4       Spider (0/4) Lair:2        Slime (0/5) Lair:5
    Orc (2/2) D:11            Elf (0/3) Orc:2       Ossuary (visited)
Volcano (visited)

Altars:
Elyvilon
Fedhas
Gozag
Kikubaaqudgha
Sif Muna
Uskayaw
Xom
The Shining One
Beogh

Shops:
D:2 *   D:10 (   Orc:2 !=*=!

Annotations:
D:3 flame
D:6 1 runed translucent door, exclusion: ice beast, Duvessa
Lair:1 exclusion: oklob plant
Lair:5 3 runed translucent doors, grimtooth's ghost, journeyman NaVM
Swamp:1 exclusion: shambling mangrove, Donald; Frances


Innate Abilities, Weirdness & Mutations

((You are quick and stealthy near water. (Stealth+, EV+, Speed+++)))
Your lower body shifts to a powerful aquatic tail in water.
Your body sometimes deteriorates upon taking damage.


Message History

You kill the swamp drake!
An eight-headed hydra comes into view.
The swamp worm completely misses you. The goliath frog hits you from afar!!
* * * LOW HITPOINT WARNING * * *
You are splashed with acid!
* * * LOW HITPOINT WARNING * * *
Enter note:
Okay, then.
Your hell rat bites the goliath frog.
The spriggan druid calls out to the beasts of the wild!
A tyrant leech comes into view.
The swamp worm fires a harpoon shot at you.
The harpoon shot misses you.
The harpoon shot hits the swamp worm!
Your hell rat closely misses the goliath frog.
You feel better.
The sentinel's mark upon you fades away.
The spriggan druid barely misses your hell rat.
A bog body comes into view.
Your hell rat barely misses the goliath frog.
You feel yourself speed up.
The goliath frog is no longer moving slowly.
Your hell rat bites the goliath frog!
Your hell rat drains the goliath frog.
The goliath frog dies!
Press: ? - help, v - describe, . - travel
Here: a spriggan druid, wielding a +0 quarterstaff and wearing a +0 robe The floor.
You feel better.
Your hell rat barely misses the spriggan druid.
The spriggan druid hits you with a +0 quarterstaff.
* * * LOW HITPOINT WARNING * * *
The spriggan druid points at you and mumbles some strange words.
The stone arrow hits you!!
* * * LOW HITPOINT WARNING * * *
Your body deteriorates!
You feel dopey.
A hell rat scurries out from under your cloak.
Your hell rat barely misses the spriggan druid.
You feel better.
The bog body points at you and mumbles some strange words.
The bolt of cold hits you!!!
You die...

♣ ♣≈♣.≈♣♣♣♣ n≈ ♣♣
♣♣†..≈♣.≈♣.≈≈ ≈♣♣
♣♣≈...♣♣≈≈..≈. ≈.♣♣♣♣
♣♣♣♣≈...♣♣.≈..n.≈
≈.≈.≈♣♣♣........≈.....≈≈
♣♣..♣≈♣.†≈≈...≈≈....D...
♣...≈..≈.≈..≈≈≈r..♣.♣≈.
♣§≈....≈....≈≈.≈○≈♣
♣.≈≈......w.w.i@.♣♣
♣♣.≈.♣...≈..≈..≈.♣
♣♣≈♣♣.....§≈.(.♣♣
♣♣♣♣♣≈♣...w.i†♣
♣♣≈≈..§≈.r.♣♣
♣....≈♣♣♣.r.♣♣♣
♣♣.♣..≈≈♣...≈.♣♣
♣♣♣♣.r≈≈)....≈♣
♣♣♣.♣.♣♣♣≈♣♣


You could see an eight-headed hydra, a tyrant leech, 2 spriggan druids, a bog
body, 2 swamp worms and 3 friendly hell rats.

Vanquished Creatures
  A bunyip (Swamp:1)
  An eleionoma (Swamp:1)
  An ettin (Orc:2)
  A boulder beetle (Lair:6)
  11 hydras
  A catoblepas (Lair:4)
  An alligator (Lair:6)
  2 death yaks
  5 orc high priests
  2 two-headed ogres (D:10)
  A goliath frog (Lair:6)
  2 skeletal warriors (Volcano)
  A bog body (Swamp:2)
  7 orc knights
  An anaconda skeleton (Volcano)
  An ugly thing (D:11)
  An orc sorcerer (Orc:1)
  A cyclops (D:11)
  7 elephants
  9 black mambas
  21 cane toads
  5 gargoyles (Volcano)
  A kobold demonologist (D:10)
  2 rime drakes
  10 komodo dragons
  7 trolls
  3 jumping spiders (Lair:2)
  A polar bear (Lair:6)
  4 hornets (Swamp:1)
  3 harpy skeletons (Volcano)
  5 tyrant leeches
  17 dream sheep
  Grinder (D:6)
  26 blink frogs
  A flying skull (Volcano)
  A meliai zombie (D:11)
  5 redbacks (Lair:2)
  8 spriggans (Swamp:1)
  5 wraiths
  5 wyverns
  55 yaks
  4 basilisks
  A human (D:11)
  Eustachio (D:6)
  2 steam dragons
  7 vampire mosquitoes
  4 wargs
  5 swamp worms
  17 water moccasins
  A swamp drake (Swamp:2)
  4 black bears
  35 orc warriors
  6 ogres
  5 wolves (Lair:2)
  4 centaurs
  A phantom (D:7)
  3 kobold brigands
  3 gnoll sergeants
  17 bullfrogs
  2 scorpions
  A water moccasin zombie (D:7)
  A water moccasin skeleton (D:4)
  7 killer bees (D:10)
  A spriggan skeleton (Volcano)
  12 wights
  2 howler monkeys (D:11)
  3 electric eels
  2 centaur zombies
  A jelly (D:5)
  3 hounds
  34 orc priests
  2 gnoll shamans
  Natasha (twice) (D:3)
  4 iguanas
  11 hell rats
  20 orc wizards
  5 naga skeletons (Volcano)
  A hound skeleton (D:4)
  Robin (D:2)
  2 howler monkey zombies
  22 gnolls
  5 adders
  17 river rats (D:5)
  3 shadow imps (D:6)
  An adder skeleton (D:4)
  7 dart slugs
  75 orcs
  5 bats
  7 endoplasms
  5 giant cockroaches
  17 goblins
  21 hobgoblins
  3 jackals (D:1)
  2 quokkas
  5 ball pythons
  2 ball python skeletons (Ossuary)
  8 frilled lizards
  A hobgoblin skeleton (Ossuary)
  A hobgoblin zombie (Ossuary)
  27 kobolds
  2 kobold zombies (Ossuary)
  An orc zombie (Ossuary)
  4 rats
721 creatures vanquished.

Vanquished Creatures (collateral kills)
  A bunyip (Swamp:1)
  An orc high priest (Orc:2)
  A goliath frog (Swamp:2)
  An orc knight (Orc:1)
  A jumping spider (Lair:2)
  A troll (D:9)
  2 blink frogs
  A yak (Lair:3)
  3 orc warriors
  A wight (D:9)
  4 orc priests (Orc:2)
  A hell rat (D:5)
  A naga skeleton (Volcano)
  11 orcs
30 creatures vanquished.

Vanquished Creatures (others)
  A spriggan druid (Swamp:2)
  A bloated husk (Swamp:2)
  2 flying skulls (Volcano)
  Natasha (D:3)
  An endoplasm (D:3)
  A quokka (D:3)
  23 fungi
  89 plants
119 creatures vanquished.

Grand Total: 870 creatures vanquished

Notes
Turn   | Place    | Note
-------+----------+-------------------------------------------
     0 | D:1      | grimtooth the Merfolk Gladiator began the quest for the
                  | Orb.
     0 | D:1      | Reached XP level 1. HP: 16/16 MP: 1/1
    60 | D:1      | Found a faded altar of an unknown god.
   135 | D:1      | Reached XP level 2. HP: 22/22 MP: 2/2
   240 | D:1      | Reached skill level 1 in Stealth
   349 | D:1      | Reached skill level 5 in Polearms
   358 | D:1      | Reached XP level 3. HP: 26/27 MP: 3/3
   682 | D:2      | Found Rootzis's Assorted Antiques.
   771 | D:2      | Noticed Robin
   795 | D:2      | Killed Robin
   796 | D:2      | Reached skill level 5 in Dodging
   825 | D:2      | Reached XP level 4. HP: 30/33 MP: 4/4
  1696 | D:3      | Reached skill level 6 in Polearms
  2027 | D:3      | Noticed Natasha
  2034 | D:3      | Killed Natasha
  2035 | D:3      | Reached XP level 5. HP: 38/38 MP: 5/5
  2796 | D:4      | Noticed an orc warrior
  2815 | D:4      | Found a glowing golden altar of the Shining One.
  3004 | D:4      | Reached XP level 6. HP: 37/44 MP: 6/6
  3011 | D:4      | Reached skill level 7 in Polearms
  3406 | D:4      | Killed an orc warrior
  3407 | D:4      | Reached XP level 7. HP: 23/50 MP: 7/7
  3673 | D:4      | Reached skill level 8 in Polearms
  4221 | D:4      | Found a white marble altar of Elyvilon.
  4282 | D:5      | Entered Level 5 of the Dungeon
  4621 | D:5      | HP: 2/49 [hell rat (4)]
  4622 | D:5      | - crap
  5247 | D:5      | Found an opulent altar of Gozag.
  5260 | D:5      | Found a hide-covered altar of Uskayaw.
  5265 | D:5      | Became a worshipper of Uskayaw the Reveller
  5282 | D:5      | You fall into a shaft and drop 1 floor!
  5296 | D:6      | Reached * piety under Uskayaw
  5305 | D:6      | Reached ** piety under Uskayaw
  5306 | D:6      | Reached skill level 9 in Polearms
  5330 | D:6      | Reached XP level 8. HP: 48/56 MP: 8/8
  6164 | D:3      | Noticed Natasha
  6216 | D:2      | Bought 2 bubbling yellow potions for 27 gold pieces
  6216 | D:2      | Bought a scroll labelled DUROAWOUKHLI for 15 gold pieces
  6216 | D:2      | Bought an orange potion for 13 gold pieces
  6216 | D:2      | Bought a potion of heal wounds for 75 gold pieces
  6216 | D:2      | Bought a scroll labelled CUOSUT JYZIU for 15 gold pieces
  6237 | D:3      | Killed Natasha
  6238 | D:3      | Killed Natasha
  7860 | D:5      | Found the +2 ratskin cloak {*Rats rPois rN+ Str-1 Int-1
                  | Dex+1}
  8066 | D:6      | Noticed Duvessa
  8137 | D:6      | Noticed Eustachio
  8142 | D:6      | Killed Eustachio
  8143 | D:6      | Reached skill level 10 in Polearms
  8143 | D:6      | Reached skill level 5 in Stealth
  8147 | D:6      | Noticed Grinder
  8154 | D:6      | Paralysed by Grinder for 6 turns
  8154 | D:6      | Reached *** piety under Uskayaw
  8169 | D:6      | Killed Grinder
  8225 | D:6      | Found a runed translucent door.
  8588 | D:6      | Reached skill level 11 in Polearms
  8690 | D:7      | Found a sand-covered staircase.
  8762 | Ossuary  | Entered an ossuary
  8836 | Ossuary  | Reached XP level 9. HP: 62/62 MP: 9/9
  8849 | Ossuary  | Reached **** piety under Uskayaw
  9452 | D:7      | Reached skill level 5 in Fighting
  9452 | D:7      | Reached skill level 12 in Polearms
  9977 | D:7      | Found a staircase to the Ecumenical Temple.
 10368 | D:8      | Reached skill level 13 in Polearms
 10368 | D:8      | Reached XP level 10. HP: 66/80 MP: 10/10
 10379 | D:8      | Reached ***** piety under Uskayaw
 11346 | D:8      | Reached skill level 1 in Invocations
 11521 | D:9      | Found an ancient bone altar of Kikubaaqudgha.
 11795 | D:9      | Noticed an elephant
 11864 | D:9      | Found a staircase to the Lair.
 11947 | D:9      | Killed an elephant
 12025 | D:9      | Found a shimmering altar of Xom.
 12253 | D:10     | Entered Level 10 of the Dungeon
 12301 | D:10     | Noticed a two-headed ogre
 12342 | D:10     | Killed a two-headed ogre
 12343 | D:10     | Reached skill level 14 in Polearms
 12343 | D:10     | Reached skill level 5 in Throwing
 12343 | D:10     | Reached skill level 5 in Invocations
 12343 | D:10     | Reached XP level 11. HP: 39/89 MP: 9/14
 12592 | D:10     | Found Robleax's Antique Weapon Shop.
 12601 | D:10     | Noticed a two-headed ogre
 13030 | D:10     | Killed a two-headed ogre
 13163 | D:11     | Noticed a cyclops
 13266 | D:11     | Killed a cyclops
 13329 | D:11     | Found a staircase to the Orcish Mines.
 13409 | D:11     | Noticed a green ugly thing
 13448 | D:11     | Killed a green ugly thing
 14210 | Lair:1   | Entered Level 1 of the Lair of Beasts
 14260 | Lair:1   | Reached skill level 15 in Polearms
 14477 | Lair:1   | Reached skill level 1 in Evocations
 14611 | Lair:1   | Found a blossoming altar of Fedhas.
 14622 | Lair:1   | Noticed an oklob plant
 14827 | Lair:2   | Noticed a four-headed hydra
 14837 | Lair:2   | Killed a four-headed hydra
 14838 | Lair:2   | Reached skill level 1 in Armour
 14891 | Lair:2   | Reached XP level 12. HP: 75/97 MP: 18/18
 14912 | Lair:2   | Reached skill level 10 in Fighting
 15000 | Lair:2   | Found a hole to the Spider Nest.
 16335 | Lair:3   | Noticed an eight-headed hydra
 16337 | Lair:3   | Found a dark tunnel.
 16358 | Lair:3   | Killed an eight-headed hydra
 16363 | Volcano  | Entered a volcano
 16810 | Volcano  | Reached XP level 13. HP: 86/108 MP: 19/19
 16833 | Volcano  | Reached skill level 5 in Evocations
 17310 | Lair:3   | Found a shimmering blue altar of Sif Muna.
 17928 | Lair:4   | Reached skill level 10 in Stealth
 18661 | Lair:4   | Found a staircase to the Swamp.
 18804 | Lair:4   | Reached ****** piety under Uskayaw
 19069 | Lair:5   | Found a runed translucent gate.
 19260 | Lair:5   | Found a runed translucent gate.
 19262 | Lair:5   | Found a runed translucent gate.
 19264 | Lair:5   | Noticed grimtooth's ghost (journeyman NaVM)
 19640 | Lair:5   | Reached XP level 14. HP: 108/115 MP: 19/21
 19859 | Lair:5   | Found a staircase to the Slime Pits.
 20063 | Lair:6   | Entered Level 6 of the Lair of Beasts
 20161 | Lair:6   | Reached skill level 10 in Invocations
 20739 | Lair:6   | Reached skill level 10 in Dodging
 21464 | Lair:6   | Found the +0 mask of the Dragon {Will+ Slay+3 SInv}
 22138 | Orc:1    | Entered Level 1 of the Orcish Mines
 22239 | Orc:2    | Entered Level 2 of the Orcish Mines
 22291 | Orc:2    | Found a staircase to the Elven Halls.
 22541 | Orc:2    | Reached XP level 15. HP: 34/120 MP: 22/24
 23222 | Orc:1    | Noticed an orc warlord
 23225 | Orc:1    | an orc warlord changed into a death yak
 23846 | Orc:2    | Gained mutation: Your body sometimes deteriorates upon
                  | taking damage. [a neqoxec]
 23849 | Orc:2    | - crap
 23950 | Orc:2    | Reached skill level 5 in Armour
 24257 | Orc:2    | Found Ymown's Distillery.
 24497 | Orc:2    | Found Oqoumpot's Distillery.
 24499 | Orc:2    | Found Erehoy's Jewellery Emporium.
 24503 | Orc:2    | Found Lagreodgh's General Store.
 24504 | Orc:2    | Found Edotyvue's Jewellery Shoppe.
 24944 | D:2      | Bought a triangular jade amulet for 75 gold pieces
 24944 | D:2      | Bought a fading glaive for 172 gold pieces
 24944 | D:2      | Identified the +6 glaive of Arbitration {speed, Str+3} (You
                  | bought it in a shop on level 2 of the Dungeon)
 24944 | D:2      | - not bad!
 25243 | Orc:2    | Bought a scroll of identify for 26 gold pieces
 25243 | Orc:2    | Bought a scroll of fog for 26 gold pieces
 25395 | Orc:2    | Bought a potion of ambrosia for 104 gold pieces
 25395 | Orc:2    | Bought a potion of curing for 39 gold pieces
 25398 | Orc:2    | Bought a potion of resistance for 150 gold pieces
 25398 | Orc:2    | Bought a potion of curing for 45 gold pieces
 25398 | Orc:2    | Bought a potion of curing for 45 gold pieces
 25399 | Orc:2    | Identified 2 scrolls of acquirement
 25465 | D:11     | Acquired a manual of Evocations
 25466 | D:11     | Acquired a +4 ring of slaying
 25705 | Swamp:1  | Entered Level 1 of the Swamp
 26501 | Swamp:1  | Noticed Frances
 26527 | Swamp:1  | Noticed Donald
 27156 | Swamp:2  | Reached skill level 16 in Polearms
 27177 | Swamp:2  | HP: 6/120 [spriggan druid/stone arrow (26)]
 27178 | Swamp:2  | Killed from afar by a bog body

Illustrated notes #..# #.rrrr.r### #.##.# ##.##...#rrr##r.####.##.# #.##.#.#r#######.#.#.##.# ##.##.r.. ##.##.# .# ###.##..# ###r#.# ##..##..r ##..## #.######( ##.### ##.###### #####.## ##...#.###@#†.## ####†#.†.#r### ######### Turn 4622 on D:5: - crap ### ### ######### ##.#####.###..##.#.#### # ##...##....#.........#.##### #...##....#.............#... ##...#...................... #..............#....#[[.... ##.........@o...#....#[[.... #.........oro.........#).... ##..........#.4.......##.... #..........o..........###.. ##........3...)....#.###... ##....................##..). #............)..)......#.... ##.#........)..)).......)... #..........(<))).).......... Turn 23849 on Orc:2: - crap

#.#........#...#
##.#......(.'...####
###..#........#......#
#....##########......############
#>##..............##.............
..####............####.##########
##############.....###.##########
.............))PP................
########........@................
#........PP.#####.########
########...).......# #.#####
..........)[......## #.....#
.#######...)......# #####.#
########.........># #.####
#........##)####### #....#
..#########.# ####..
.########...# ##.


Turn 24944 on D:2: - not bad!

Levels and vault maps discovered:
D:1:      lemuel_arrival_behind_the_door_large, layout_rooms,
          ebering_ecumenical_altar_ruins, minmay_misc_feat_five,
          minmay_quantized
D:2:      layout_rooms, serial_shops, nicolae_shop_overgrown_old_shop,
          minivault_25, hangedman_feature_mirror, uniq_robin
D:3:      layout_loops_corners, lemuel_flame_loot_1, uniq_natasha
D:4:      corexii_shantytown, layout_layer_cave, elyvilon_altar_1,
          nicolae_overflow_crystal_walls, chequers_serial_rivers_small_b,
          minmay_misc_feat_tiny
D:5:      wander_guarded_unrand_ratskin, layout_basic, mainiacjoe_overflow_swirl
D:6:      lemuel_insect_pit, layout_loops_ring, uniq_eustachio, uniq_duvessa,
          uniq_grinder
D:7:      layout_rooms, temple_statues, enter_ossuary_1, kennysheep_crisscross
D:8:      layout_gridville
D:9:      layout_cave_pools, nicolae_kikubaaqudgha_miasma_corner,
          kennysheep_little_box, david_lair_generic, serial_column_ruins,
          column_ruins_hut, column_ruins_corridor_water, column_ruins_open_tiny,
          column_ruins_grid_1, column_ruins_grid_1, serial_park_tiny_1,
          minmay_holes
D:10:     layout_loops_cross, serial_shops, shop_statue
D:11:     layout_basic, erik_orc_4
Lair:1:   layout_cave_shapes, tgw_fedhas
Lair:2:   layout_cave_pods, nicolae_spider_entry_tight_spaces, st_stairs_5
Lair:3:   layout_roguey, basic_altar, nicolae_volcano_entry_lava_flow,
          lemuel_fruit_fields
Lair:4:   layout_cave_pods, palyth_hydra_swamp_entry
Lair:5:   layout_gridlike, dpeg_slime_entry_corner, gammafunk_ghost_split
Lair:6:   minmay_lair_end_frog_pond, layout_big_grid,
          hangedman_lair_generics_rect
Swamp:1:  nicolae_swamp_secret_spriggan_hideout, layout_basic_swamp,
          serial_swamp_ruin, hangedman_swamp_ruin_hall,
          evilmike_swamp_ruin_house_6, evilmike_swamp_ruin_wall, swamp_pool1,
          nicolae_swamp_super_fun_site, uniq_donald, uniq_aizul, uniq_frances
Swamp:2:  nicolae_swamp_standing_stones, layout_basic_swamp,
          hangedman_swamp_ruin_wall, swamp_pool2, infiniplex_staircase_pool
Orc:1:    layout_caves, minmay_orc_temple_c
Orc:2:    st_orc_pillars, layout_caves, basic_altar, serial_shops, shop,
          small_statue_alley_c

Skill      XL: |  1  2  3  4  5  6  7  8  9 10 11 12 13 14 15 |
---------------+----------------------------------------------+-----
Stealth        | 1 2 3 4 6 8 12 | 12.0
Polearms       | 5 6 7 9 11 13 14 15 16 | 16.1
Dodging        | 5 6 7 8 9 12 13 | 13.6
Fighting       | 7 9 12 | 12.0
Invocations    | 5 9 12 | 12.0
Throwing       | 5 6 7 9 |  9.0
Evocations     | 1 4 9 |  9.0
Armour         | 1 3 4 5 |  5.0

Action                   |  1- 3 |  4- 6 |  7- 9 | 10-12 | 13-15 || total
-------------------------+-------+-------+-------+-------+-------++-------
Melee: Trident           |    83 |   190 |   361 |   220 |    39 ||   893
       Halberd           |       |       |    72 |   391 |  1070 ||  1533
       Glaive            |       |       |       |       |     8 ||     8
       Tailslap          |       |       |       |       |     5 ||     5
 Fire: Hunting sling     |       |    59 |   121 |   136 |   120 ||   436
Throw: Stone             |    43 |     1 |       |       |       ||    44
       Dart              |       |     6 |    43 |    56 |   135 ||   240
       Boomerang         |       |     3 |       |       |     2 ||     5
       Throwing net      |       |       |     2 |       |       ||     2
Invok: Line Pass         |       |       |     1 |     5 |     7 ||    13
       Stomp             |       |       |     1 |     2 |       ||     3
Evoke: Wand              |       |       |     7 |     2 |    35 ||    44
  Use: Potion            |       |     1 |     4 |     3 |    11 ||    19
       Scroll            |       |       |     4 |    10 |    10 ||    24
 Stab: Sleeping          |     4 |     4 |    19 |    11 |    16 ||    54
       Confused          |       |       |     1 |     3 |     2 ||     6
       Paralysed         |       |       |     3 |    27 |    96 ||   126
       Distracted        |       |       |       |     1 |     5 ||     6
Armor: Leather armour    |    10 |    41 |    52 |     3 |       ||   106
       Troll leather arm |       |       |       |    97 |   208 ||   305
       Steam dragon scal |       |       |       |     7 |       ||     7
Dodge: Dodged            |    32 |   103 |   209 |   397 |   722 ||  1463
Block: Other             |    12 |    30 |    63 |    81 |       ||   186
       Reflection        |     1 |     4 |     2 |     1 |       ||     8
